 Dungeon Crawl Stone Soup version 0.23-a0-730-g0b75920 (webtiles) character file.

2743 Yakui the Spear-Bearer (level 9, -6/108 HPs)
             Began as a Merfolk Fighter on Jan 17, 2019.
             Was a Believer of Okawaru.
             Splashed by an orc's acid (14 damage)
             ... on level 7 of the Dungeon.
             The game lasted 00:20:20 (7870 turns).

Yakui the Spear-Bearer (Merfolk Fighter)            Turns: 7870, Time: 00:20:21

Health: -6/108     AC: 24    Str: 20    XL:     9   Next: 68%
Magic:  12/12      EV:  2    Int:  7    God:    Okawaru [**....]
Gold:   319        SH: 11    Dex: 13    Spells: 8/8 levels left

rFire    . . .     SeeInvis +   a - +1 trident
rCold    . . .     Gourm    .   c - +0 shield
rNeg     + + +     Faith    .   (armour currently unavailable)
rPois    +         Spirit   .   (helmet currently unavailable)
rElec    .         Reflect  .   (cloak currently unavailable)
rCorr    .         Harm     .   (gloves currently unavailable)
MR       .....     NoTele   +   (boots currently unavailable)
Stlth    +++.......             (no amulet)
HPRegen  0.28/turn              g - ring of positive energy
MPRegen  0.13/turn              n - ring of see invisible

@: lethally poisoned (-6 -> -6), tree-form, heroism
A: (change form in water), (swift swim), (stealthy swim)
a: Heroism, Renounce Religion


You were on level 7 of the Dungeon.
You worshipped Okawaru.
Okawaru was pleased with you.
You were hungry.
You were a tree.
You visited 2 branches of the dungeon, and saw 8 of its levels.

You collected 319 gold pieces.

Inventory:

Hand Weapons
 a - a +1 trident (weapon)
Armour
 c - a +0 shield (worn)
 i - a +2 scale mail of positive energy (melded)
 j - a +0 pair of boots (melded)
 B - a scarf of resistance (melded)
Jewellery
 g - a ring of positive energy (left branch)
 n - a ring of see invisible (right branch)
 q - an uncursed ring of fire
 u - a cursed ring of magical power
 w - an uncursed ring of protection from fire
 E - an uncursed ring of protection from cold
Wands
 d - a wand of random effects (23)
 x - a wand of polymorph (12)
Scrolls
 h - 4 scrolls of identify
 r - 2 scrolls of enchant armour
 s - 2 scrolls of remove curse
Potions
 m - 4 potions of flight
 v - a potion of curing
 A - 2 potions of mutation
Comestibles
 f - 15 rations
 D - 2 chunks of flesh


   Skills:
 + Level 7.0(12.0) Fighting
 * Level 11.6(16.6) Polearms
 - Level 3.4(8.4) Armour
 - Level 4.5(9.5) Dodging
 - Level 4.0(9.0) Shields
 + Level 4.4 Invocations
 + Level 4.0 Evocations


You had 8 spell levels left.
You didn't know any spells.
Your spell library contained the following spells:

 Spells                   Type           Power        Failure   Level  Hunger
 Sting                    Conj/Pois      #...         69%         1    ##.....
 Poisonous Vapours        Pois/Air       #.....       83%         2    ###....
 Mephitic Cloud           Conj/Pois/Air  #.......     96%         3    ####...
 Olgreb's Toxic Radiance  Pois           #.......     100%        4    #####..
 Venom Bolt               Conj/Pois      #.........   100%        5    ######.


Dungeon Overview and Level Annotations

Branches:
Dungeon (7/15)             Temple (1/1) D:6

Altars:
Ashenzari
Cheibriados
Dithmenos
Elyvilon
Fedhas
Gozag
Nemelex Xobeh
Okawaru
Qazlal
Ru
Sif Muna
Trog
Uskayaw
Vehumet
Wu Jian
Xom
Yredelemnul
Zin
The Shining One

Shops:
D:5 :=

Annotations:
D:3 2 transporters, BarrelOfFarts's ghost, amateur DrTm
D:6 exclusion: statue


Message History

The hornet stings you but does no damage.
The orc warrior hits you but does no damage.
You puncture the hornet!
You kill the hornet!
Okawaru is honoured by your kill.
Your base Fighting skill increases to level 7!
You block the orc warrior's attack.
You puncture the bullfrog!
The bullfrog is heavily wounded.
You block the bullfrog's attack.
You puncture the bullfrog!
You kill the bullfrog!
Okawaru accepts your kill.
Your Evocations skill increases to level 4!
The orc warrior hits you but does no damage.
You closely miss the orc.
You feel sick.
The orc zaps a wand.
The bolt of acid hits you!
* * * LOW HITPOINT WARNING * * *
You are splashed with acid!
The acid burns!
You die...

.# #########.#§# #.#
##......... .# #.#§#
#.# #......... ..
#.#.# #.# ##........
## #.#.###.#
#........ #.#...#.#
#...o.... #.###.#.#
#..(.#.## #.# #.#.#
#....#.# #.# #.#
#....#.# #<# #♣#
#....#÷# ..
#####o#+#########.#.#
..#####)Hoo......
#.#[#
.'......o.......
#...#
#o...#..............
##..#
#..F.#......##+#####
#..# #....#......#
#..#
#....#......##+##
#....
#....#............
#....


You could see a hippogriff, an orc warrior and 3 orcs.

Vanquished Creatures
  A hornet (D:7)
  A hippogriff (D:7)
  Eustachio (D:4)
  Edmund (D:4)
  An orc warrior (D:5)
  Duvessa (D:4)
  A sky beast (D:7)
  2 hornet zombies (D:7)
  A phantom (D:7)
  3 ogres
  A centaur (D:6)
  2 bullfrogs (D:7)
  Dowan (D:4)
  A scorpion (D:6)
  A howler monkey (D:6)
  3 crimson imps
  A jelly (D:6)
  3 bullfrog skeletons
  3 hounds
  4 orc priests
  2 orc wizards
  A gnoll shaman (D:5)
  2 iguanas
  4 worker ants
  A hound skeleton (D:7)
  A worker ant zombie (D:5)
  11 gnolls
  6 adders
  2 shadow imps
  3 oozes
  4 adder skeletons
  2 dart slugs
  4 leopard geckos
  20 orcs
  4 bats
  6 giant cockroaches
  6 hobgoblins
  A jackal (D:3)
  3 quokkas
  3 frilled lizards
  6 goblins
  9 kobolds
  A leopard gecko zombie (D:7)
  9 rats
144 creatures vanquished.

Notes
Turn   | Place    | Note
-------+----------+-------------------------------------------
     0 | D:1      | Yakui the Merfolk Fighter began the quest for the Orb.
     0 | D:1      | Reached XP level 1. HP: 18/18 MP: 1/1
   102 | D:1      | Reached XP level 2. HP: 24/24 MP: 2/2
   313 | D:1      | Reached skill level 1 in Dodging
   415 | D:1      | Reached XP level 3. HP: 29/29 MP: 3/3
   537 | D:1      | Reached skill level 4 in Polearms
  1045 | D:2      | You fall through a shaft!
  1103 | D:3      | Reached XP level 4. HP: 37/37 MP: 4/4
  1219 | D:3      | Reached skill level 5 in Polearms
  1219 | D:3      | Reached XP level 5. HP: 25/42 MP: 5/5
  1552 | D:2      | Found a glowing golden altar of the Shining One.
  1968 | D:3      | Noticed an ogre
  1970 | D:3      | Noticed BarrelOfFarts's ghost (amateur DrTm)
  1992 | D:3      | Found a transporter.
  2065 | D:3      | Found a transporter.
  2189 | D:3      | Found a blossoming altar of Fedhas.
  2733 | D:4      | Noticed Dowan
  2734 | D:4      | Noticed Duvessa
  2779 | D:4      | Killed Duvessa
  2779 | D:4      | Reached skill level 6 in Polearms
  2779 | D:4      | Reached XP level 6. HP: 38/49 MP: 6/6
  2794 | D:4      | Killed Dowan
  3043 | D:4      | Reached XP level 7. HP: 36/55 MP: 7/7
  3172 | D:3      | Reached skill level 7 in Polearms
  3532 | D:4      | Noticed Eustachio
  3629 | D:4      | Killed Eustachio
  3629 | D:4      | Reached skill level 5 in Fighting
  3987 | D:4      | Noticed Edmund
  4012 | D:3      | Found an iron altar of Okawaru.
  4017 | D:3      | Became a worshipper of Warmaster Okawaru
  4036 | D:4      | Killed Edmund
  4036 | D:4      | Reached skill level 8 in Polearms
  4271 | D:5      | Entered Level 5 of the Dungeon
  4276 | D:5      | Found Ytucicirch's Jewellery Shop.
  4321 | D:5      | Reached XP level 8. HP: 62/62 MP: 8/8
  4380 | D:5      | Found a shadowy altar of Dithmenos.
  4381 | D:5      | Found a stormy altar of Qazlal.
  4515 | D:5      | Reached skill level 1 in Invocations
  4550 | D:5      | Reached skill level 1 in Evocations
  4582 | D:5      | Reached * piety under Okawaru
  4596 | D:5      | Found Offixtent's Book Emporium.
  4856 | D:6      | Reached skill level 9 in Polearms
  5104 | D:6      | Found a radiant altar of Vehumet.
  5190 | D:6      | Found a staircase to the Ecumenical Temple.
  5490 | D:6      | Found a sparkling altar of Nemelex Xobeh.
  5563 | Temple   | Entered the Ecumenical Temple
  5967 | D:6      | Found a bloodstained altar of Trog.
  6147 | D:5      | HP: 2/64 [orc warrior/+0 scimitar (19)]
  6153 | D:5      | Reached skill level 10 in Polearms
  6553 | D:6      | Found an ornate altar of the Wu Jian Council.
  6611 | D:7      | Reached XP level 9. HP: 67/69 MP: 11/11
  7271 | D:7      | Reached ** piety under Okawaru
  7271 | D:7      | Reached skill level 11 in Polearms
  7739 | D:7      | Noticed a hornet
  7838 | D:7      | Paralysed by a hornet for 3 turns
  7867 | D:7      | Killed a hornet
  7870 | D:7      | Splashed by an orc's acid

Vault maps used:
D:1:      enne_arrival_octagon_isle
D:2:      lemuel_crystal_altar, first_ration, minivault_11
D:3:      lemuel_upstairs_altar, gammafunk_ghost_arena, grunt_decor_arrowhead,
          amethyst_killhole, fedhas_ov_isle_minmay
D:4:      nicolae_ossuary_entry_plus, minivault_26, minmay_pentomino_pile,
          uniq_duvessa, uniq_edmund, uniq_eustachio
D:5:      gammafunk_temple_overflow_pools, serial_shops, shop, shop
D:6:      nicolae_overflow_hidden_temple, vehumet_statue,
          minmay_temple_entry_glassed_door, basic_altar
Temple:   nicolae_temple_no_exploring_needed

Skill      XL: |  1  2  3  4  5  6  7  8  9 |
---------------+----------------------------+-----
Dodging        | 1 2 3 4 |  4.5
Polearms       | 4 5 6 8 10 11 | 11.6
Fighting       | 4 5 6 7 |  7.0
Shields        | 4 |  4.0
Armour         | 3 |  3.4
Invocations    | 2 4 |  4.4
Evocations     | 2 4 |  4.0

Action                   |  1- 3 |  4- 6 |  7- 9 || total
-------------------------+-------+-------+-------++-------
Melee: Trident           |    91 |   202 |   501 ||   794
Invok: Heroism           |       |       |     1 ||     1
  Use: Scroll            |     2 |       |    16 ||    18
       Potion            |       |       |     7 ||     7
  Eat: Chunk             |     1 |     6 |    12 ||    19
       Ration            |       |       |     1 ||     1
Armor: Scale mail        |    21 |    20 |   104 ||   145
       Ring mail         |       |    35 |       ||    35
       Skin              |       |       |    28 ||    28
Dodge: Dodged            |    16 |    48 |   127 ||   191
Block: Shield            |    28 |    84 |   178 ||   290

Table legend:
 A = Non-vault XP
 B = Vault XP
 C = Vault XP percentage of total XP
 D = Non-vault monster count
 E = Vault monster count
 F = Vault count percentage of total count
                 A         B        C        D         E       F
            +---------+---------+-------+---------+---------+-------
      Total |    3242 |     677 |  17.3 |     138 |       6 |   4.2
            +---------+---------+-------+---------+---------+-------
        D:1 |      53 |       0 |   0.0 |      29 |       0 |   0.0
        D:2 |      41 |       0 |   0.0 |      10 |       0 |   0.0
        D:3 |     205 |     124 |  37.7 |      28 |       2 |   6.7
        D:4 |     188 |     553 |  74.6 |      11 |       4 |  26.7
        D:5 |     481 |       0 |   0.0 |      22 |       0 |   0.0
        D:6 |     698 |       0 |   0.0 |      18 |       0 |   0.0
        D:7 |    1576 |       0 |   0.0 |      20 |       0 |   0.0
            +---------+---------+-------+---------+---------+-------
